 Dungeon Crawl Stone Soup version 0.24-a0 (webtiles) character file.

Game seed: 18365474427895692704

99 Larett the Ducker (level 4, -7/39 HPs)
             Began as a Hill Orc Monk on Jan 29, 2019.
             Shot with an arrow by a centaur (9 damage)
             ... on level 2 of the Dungeon.
             The game lasted 00:05:13 (2612 turns).

Larett the Ducker (Hill Orc Monk)                   Turns: 2612, Time: 00:05:14

Health: -7/39      AC:  6    Str: 13    XL:     4   Next: 72%
Magic:  4/4        EV: 12    Int: 10    God:
Gold:   103        SH:  0    Dex: 14    Spells: 3/3 levels left

rFire    . . .     SeeInvis .   a - +0 hand axe
rCold    . . .     Gourm    .   (no shield)
rNeg     . . .     Faith    .   h - +1 ring mail
rPois    .         Spirit   .   (no helmet)
rElec    .         Reflect  .   (no cloak)
rCorr    .         Harm     .   (no gloves)
MR       .....                  (no boots)
Stlth    +.........             (no amulet)
HPRegen  0.13/turn              (no ring)
MPRegen  0.09/turn              (no ring)

@: flying, very slightly contaminated
A: no striking features
a: no special abilities


You were on level 2 of the Dungeon.
You were not hungry.

You visited 1 branch of the dungeon, and saw 2 of its levels.

You collected 103 gold pieces.

Inventory:

Hand Weapons
 a - a +0 hand axe (weapon)
Missiles
 n - 42 sling bullets
 o - 50 stones (quivered)
 T - 44 arrows
Armour
 b - a +0 robe
 h - a +1 ring mail (worn)
Scrolls
 l - 2 scrolls of remove curse
 R - 2 scrolls of identify
Comestibles
 c - 4 rations
 W - a chunk of flesh


   Skills:
 - Level 3.6 Fighting
 - Level 4.0 Axes
 * Level 4.4 Dodging
 - Level 1.5 Stealth


You had 3 spell levels left.
You didn't know any spells.
Your spell library was empty.

Dungeon Overview and Level Annotations

Branches:
Dungeon (2/15)

Altars:
Fedhas
Nemelex Xobeh
Trog


Message History

You see here an arrow.
It was a potion of curing.
You feel better.
The centaur shoots an arrow.
The arrow hits you!
* * * LOW HITPOINT WARNING * * *
It was a potion of flight.
You feel very buoyant.
You fly up into the air.
The centaur shoots an arrow.
The arrow closely misses you.
Blink to where?
Press: ? - help, Dir - move target cursor You are very lightly contaminated with residual magic.
As you read the scroll labeled JIUKATZ LENI, it crumbles to dust.
It was a scroll of blinking.
As you read the scroll labeled CIDIRUH WEOMUE, it crumbles to dust.
It is a scroll of enchant armour.
Your +0 ring mail glows green for a moment.
As you read the scroll labeled XINAEJ JINLODGH, it crumbles to dust.
Your brain hurts!
It was a scroll of random uselessness.
The centaur shoots an arrow.
The arrow hits you!
You die...

[....# #........#.#...# ###.##
#.######.#...... #.# #.#
###........ #.# #.## #.........[
#.# ##..###.##....... #.#
####....#....#####.. #.#
##..##...#...##..##.# #.###
#c...#...#...#....### #...#
##..#@#...#...#.#..## ###.#
#(.##.#..#.#).#.##..# ###.#
#.(#..#..#.#..#..#..# ##.#.#
#..####..#(#..####..#
##....#######..##(.##.##..##..##
............#..c(..#...#..)...#
##....########....##...##....##
##..†..# ##(.##.....##..##
#.÷..#.# ####.c#.#..####


You could see a centaur.

Vanquished Creatures
  4 adders (D:2)
  An ooze (D:2)
  4 dart slugs (D:1)
  5 giant cockroaches
  7 goblins
  8 hobgoblins
  2 jackals (D:1)
  A quokka (D:2)
  A ball python (D:1)
  4 bats
  4 frilled lizards
  5 kobolds
  3 rats
49 creatures vanquished.

Notes
Turn   | Place    | Note
-------+----------+-------------------------------------------
     0 | D:1      | Larett the Hill Orc Monk began the quest for the Orb.
     0 | D:1      | Reached XP level 1. HP: 19/19 MP: 1/1
   201 | D:1      | Reached XP level 2. HP: 26/26 MP: 2/2
   383 | D:1      | Reached skill level 3 in Dodging
   560 | D:1      | Found a sparkling altar of Nemelex Xobeh.
   666 | D:1      | Reached XP level 3. HP: 26/31 MP: 3/3
  1575 | D:2      | Reached XP level 4. HP: 39/39 MP: 4/4
  2113 | D:2      | Found a blossoming altar of Fedhas.
  2242 | D:2      | Found a bloodstained altar of Trog.
  2591 | D:2      | Noticed a centaur
  2607 | D:2      | HP: 1/39 [centaur/arrow (13)]
  2612 | D:2      | Shot with an arrow by a centaur

Vault maps used:
D:1:      roderic_crossed_star, minmay_statues_item,
          nemelex_xobeh_ov_fountains_minmay
D:2:      lemuel_round_altar, bloody_trog, minmay_puff

Skill      XL: |  1  2  3 |
---------------+----------+-----
Dodging        | 3 4 |  4.4
Fighting       | |  3.6
Axes           | |  4.0
Stealth        | |  1.5

Action                   |  1- 3 |  4- 6 || total
-------------------------+-------+-------++-------
Melee: Hand axe          |   131 |    68 ||   199
  Use: Scroll            |     2 |     4 ||     6
       Potion            |     1 |     3 ||     4
  Eat: Chunk             |     2 |     4 ||     6
Armor: Robe              |     2 |       ||     2
       Ring mail         |    34 |    26 ||    60
Dodge: Dodged            |    91 |    36 ||   127

Table legend:
 A = Non-vault XP
 B = Vault XP
 C = Vault XP percentage of total XP
 D = Non-vault monster count
 E = Vault monster count
 F = Vault count percentage of total count
                 A         B        C        D         E       F
            +---------+---------+-------+---------+---------+-------
      Total |     140 |       2 |   1.4 |      48 |       1 |   2.0
            +---------+---------+-------+---------+---------+-------
        D:1 |      61 |       0 |   0.0 |      31 |       0 |   0.0
        D:2 |      79 |       2 |   2.5 |      17 |       1 |   5.6
            +---------+---------+-------+---------+---------+-------
